 Dungeon Crawl Stone Soup version 0.30-a0-989-g0d87f670db (webtiles) character file.

Game seed: 90555155616055773

581 Mightysalt the Stinger (level 7, -5/41 HPs)
             Began as an Octopode Venom Mage on Apr 2, 2023.
             Was an Elder of Jiyva.
             Slain by an ice beast (14 damage)
             ... on level 6 of the Dungeon on Apr 3, 2023.
             The game lasted 00:48:45 (4388 turns).

Mightysalt the Stinger (Octopode Venom Mage)        Turns: 4388, Time: 00:48:46

Health: -5/41      AC:  1    Str: 15    XL:     7   Next: 36%
Magic:  11/11      EV: 13    Int: 21    God:    Jiyva [****..]
Gold:   155        SH:  0    Dex: 11    Spells: 8/12 levels left

rFire   . . .      SeeInvis .    o - +0 short sword (venom)
rCold   . . .      Faith    .    (no shield)
rNeg    . . .      Spirit   .    (helmet restricted)
rPois   .          Reflect  .    (no amulet)
rElec   +          Rampage  .    x - ring "Efaismomp" {rElec Will- rCorr Str+6}
rCorr   +                        (no ring)
Will    .....                    (no ring)
Stlth   ++++                     (no ring)
HPRegen 1.54/turn                (no ring)
MPRegen 0.52/turn                (no ring)
                                 (no ring)
                                 (no ring)

@: no status effects
A: almost no armour, amphibious, 8 rings, camouflage 1, gelatinous body 1,
(nimble swimmer 1), tentacles, clever 1, tendrils, jelly sensing items, jelly
absorbing missiles
a: Renounce Religion, Oozemancy, Slimify


You were on level 6 of the Dungeon.
You worshipped Jiyva.
Jiyva was greatly pleased with you.
You visited 1 branch of the dungeon, and saw 6 of its levels.

You collected 155 gold pieces.

Inventory:

Hand Weapons
 d - a +0 short sword
 i - a +0 dagger
 l - a +0 hand axe
 o - a +0 short sword of venom (weapon)
 p - a +0 spear
 q - a +0 trident
 v - a +4 short sword
Missiles
 f - 12 stones
Armour
 u - a +0 robe
Jewellery
 w - an amulet of guardian spirit
 x - the ring "Efaismomp" (left tentacle) {rElec Will- rCorr Str+6}
   (You found it on level 4 of the Dungeon)

   [ring of strength]

   Str:       It affects your strength (+6).
   rElec:     It insulates you from electricity.
   rCorr:     It protects you from acid and corrosion.
   Will:      It decreases your willpower.
Scrolls
 c - a scroll of immolation {unknown}
 g - 2 scrolls of teleportation {unknown}
 h - a scroll of magic mapping {unknown}
 k - a scroll of noise {unknown}
 m - a scroll of enchant weapon {unknown}
 r - 2 scrolls of amnesia {unknown}
 t - a scroll of vulnerability {unknown}
 y - a scroll of silence {unknown}
Potions
 a - a potion of magic
 b - 2 potions of brilliance
 e - a potion of curing
 j - a potion of mutation {unknown}
 n - a potion of ambrosia
 s - a potion of attraction {unknown}
 z - a potion of might {unknown}


   Skills:
 + Level 1.9 Short Blades
 - Level 0.3 Polearms
 + Level 3.2 Dodging
 + Level 4.8 Stealth
 + Level 3.1 Spellcasting
 * Level 3.1 Conjurations
 + Level 2.9 Transmutations
 + Level 5.2 Poison Magic


You had 8 spell levels left.
You knew the following spells:

 Your Spells              Type           Power      Damage    Failure   Level
a - Sting                 Tmut/Pois      80%        1d7       2%          1
b - Mephitic Cloud        Conj/Pois/Air  14%        N/A       13%         3

Your spell library contained the following spells:

 Spells                   Type           Power      Damage    Failure   Level
 Wereblood                Tmut           15%        N/A       6%          2
 Poisonous Vapours        Pois/Air       28%        N/A       7%          2
 Olgreb's Toxic Radiance  Pois           25%        N/A       16%         4
 Sublimation of Blood     Necr           3%         N/A       21%         2
 Summon Hydra             Summ           1%         N/A       100%        7


Dungeon Overview and Level Annotations

Branches:
Dungeon (6/15)             Temple (0/1) D:5

Altars:
Uskayaw
Vehumet
Xom
The Shining One
Jiyva

Shops:
D:4 =


Innate Abilities, Weirdness & Mutations

You cannot wear most types of armour.
You are amphibious.
You can wear up to eight rings at the same time.
Your skin changes colour to match your surroundings (Stealth+).
Your rubbery body absorbs attacks. (AC +1, EV +1)
((You are camouflaged when in or above water. (Stealth+)))
You have tentacles for arms and can constrict up to eight enemies at once.
Your mind is acute. (Int +4, Str/Dex -1)
You are covered in slimy tendrils that may disarm your opponents.
You have a small jelly attached to you that senses nearby items.
You have a small jelly attached to you that may absorb projectiles.


Message History

The hound closely misses you. The hound barely misses you.
The hound attacks as you move away! The hound closely misses you.
The hound barely misses you. The hound attacks as you move away!
The hound misses you. The hound attacks as you move away!
The hound closely misses you.
Found a book of Transfigurations.
The hound barely misses you. The hound attacks as you move away!
The hound closely misses you. 3 orcs come into view.
The hound barely misses you.
The orc shouts! x2
Found a stone staircase leading up.
The hound bites you.
An orc comes into view. It is wielding a +0 falchion.
The hound attacks as you move away! The hound bites you but does no damage.
Found a stone staircase leading up.
You fail to use your ability.
The hound bites you. The hound barely misses you.
The orc shouts!
You hit the iguana but do no damage.
The iguana is poisoned.
You grab the iguana.
You squeeze the iguana, but do no damage.
The iguana is moderately wounded.
You constrict the iguana. The hound barely misses you. The iguana bites you!
An orc wizard comes into view. It is wielding a +0 dagger.
You fail to use your ability.
You constrict the iguana, but do no damage.
The hound bites you. x2; The iguana bites you!
* * * LOW HITPOINT WARNING * * *
Jiyva says: Divide and consume!
The orc wizard shouts!
You hit the hound but do no damage. Your grab misses the hound.
Your squeeze misses the hound.
The hound is heavily wounded.
You constrict the iguana.
You hear a shout!
The hound misses you.
Activating: Oozemancy (11% risk of failure)
Press: ? - help, Dir - look around, f - activate You fail to use your ability.
You constrict the iguana. The ice beast hits you.
* * * LOW HITPOINT WARNING * * *
The ice beast freezes you!
You die...

######.. ##.... .. ###
####..## #.###..
.......## ..##.###
.?.###..# #.##...
.>..###.####.##.# ....#
#........Y###.##..
....#
######...h@......<
.|..# ##..l###.##..
..............oo......<
....####.###..:####.##.
...## #.o.# ..... #...#
...### #o..# #..c.
#.... .##. #.o..


You could see an ice beast, an iguana (very poisoned), a hound, an orc wizard
and 3 orcs.

Vanquished Creatures
  An ice beast (D:5)
  An ogre (D:4)
  A centaur (D:5)
  A phantom (D:4)
  A scorpion (D:4)
  A hound (D:5)
  3 gnolls (D:5)
  8 adders
  A dart slug (D:1)
  8 orcs
  3 ball pythons
  4 endoplasms
  3 giant cockroaches
  6 goblins
  5 hobgoblins
  7 jackals (D:4)
  3 quokkas
  9 bats
  5 frilled lizards
  7 kobolds
  3 rats
81 creatures vanquished.

Vanquished Creatures (others)
  A black bear (D:4)
  A centaur (D:5)
  2 scorpions
  A howler monkey (D:5)
  6 jellies
  2 orc wizards (D:5)
  5 gnolls
  3 adders
  An ufetubus (D:5)
  A worm (D:5)
  5 orcs
  2 bats (D:3)
  A giant cockroach (D:4)
  A kobold (D:4)
32 creatures vanquished.

Grand Total: 113 creatures vanquished

Notes
Turn   | Place    | Note
-------+----------+-------------------------------------------
     0 | D:1      | Mightysalt the Octopode Venom Mage began the quest for the
                  | Orb.
     0 | D:1      | Reached XP level 1. HP: 11/11 MP: 3/3
   118 | D:1      | Reached XP level 2. HP: 17/17 MP: 1/5
   296 | D:1      | Reached skill level 4 in Poison Magic
   455 | D:1      | Reached XP level 3. HP: 21/21 MP: 6/6
   798 | D:2      | Learned a level 3 spell: Mephitic Cloud
   932 | D:2      | Reached XP level 4. HP: 19/27 MP: 7/7
  1328 | D:2      | Found a faded altar of an unknown god.
  1336 | D:2      | Prayed at the altar of an unknown god.
  1336 | D:2      | Became a worshipper of Jiyva Jodecedd the Shapeless
  1336 | D:2      | Reached * piety under Jiyva
  1920 | D:3      | Reached ** piety under Jiyva
  2049 | D:3      | Found a shimmering altar of Xom.
  2056 | D:3      | Found a hide-covered altar of Uskayaw.
  2590 | D:4      | Reached XP level 5. HP: 31/31 MP: 4/8
  2603 | D:4      | Reached skill level 1 in Conjurations
  2674 | D:4      | Identified the ring "Efaismomp" {rElec Will- rCorr Str+6}
  2688 | D:4      | Found a glowing golden altar of the Shining One.
  2706 | D:4      | Noticed a phantom
  2766 | D:4      | Killed a phantom
  2851 | D:4      | Found Cuihy's Jewellery Boutique.
  2854 | D:4      | Noticed an ogre
  2877 | D:4      | Killed an ogre
  2878 | D:4      | Reached skill level 1 in Short Blades
  2878 | D:4      | Reached XP level 6. HP: 36/36 MP: 5/9
  2878 | D:4      | Found a radiant altar of Vehumet.
  3000 | D:4      | Reached *** piety under Jiyva
  3034 | D:4      | Noticed a black bear
  3053 | D:4      | Killed a black bear
  3195 | D:4      | Gained mutation: You have a small jelly attached to you
                  | that may absorb projectiles. [Jiyva's grace]
  3195 | D:4      | Gained mutation: You are covered in slimy tendrils that may
                  | disarm your opponents. [Jiyva's grace]
  3195 | D:4      | Gained mutation: You have a small jelly attached to you
                  | that senses nearby items. [Jiyva's grace]
  3195 | D:4      | Gained mutation: Your mind is acute. (Int +4, Str/Dex -1)
                  | [Jiyva's grace]
  3370 | D:5      | Entered Level 5 of the Dungeon
  3390 | D:5      | Reached skill level 5 in Poison Magic
  3393 | D:5      | Reached XP level 7. HP: 26/41 MP: 11/11
  4172 | D:5      | Found a staircase to the Ecumenical Temple.
  4360 | D:6      | Reached **** piety under Jiyva
  4388 | D:6      | Slain by an ice beast

Illustrated notes

Levels and vault maps discovered:
D:1:      doesnt_arrival_eight_statues, layout_basic
D:2:      layout_basic, hellmonk_ecumenical_altar_slurped_away,
          serial_co_window_serial, co_window_of_opportunity_a,
          co_window_paths_a, co_window_corner_a, co_window_of_opportunity_a,
          co_window_of_opportunity_a, co_window_cross_3,
          co_window_of_opportunity_c, co_window_corner_b, co_window_2corner,
          glass_columns_b, minivault_4, minmay_tromino_v4_b
D:3:      layout_basic, amethyst_overflow_temple_binary, minivault_24
D:4:      layout_loops_cross, mainiacjoe_overflow_concentric_impassable,
          nicolae_tso_carved_into_rock, minmay_shop_enchanted_jewellery
D:5:      layout_basic, minmay_temple_entry_trees, minmay_manual_mares
D:6:      layout_rooms, grunt_decor_arrowhead

Skill      XL: |  1  2  3  4  5  6  7 |
---------------+----------------------+-----
Stealth        | 3 4 |  4.8
Poison Magic   | 4 5 |  5.2
Transmutations | 2 |  2.9
Conjurations   | 1 2 3 |  3.1
Short Blades   | 1 |  1.9
Dodging        | 3 |  3.2
Spellcasting   | 3 |  3.1
Polearms       | |  0.3

Action                     |  1- 3 |  4- 6 |  7- 9 || total
---------------------------+-------+-------+-------++-------
  Melee: Unarmed           |    10 |       |       ||    10
         Constrict         |    17 |    17 |     7 ||    41
         Short sword       |    57 |    52 |    24 ||   133
         Tentacles         |    14 |    12 |    10 ||    36
         Punch             |     1 |       |     2 ||     3
         Trident           |       |     9 |       ||     9
         Spear             |       |     1 |       ||     1
  Throw: Stone             |    10 |     8 |       ||    18
         Throwing net      |       |     2 |       ||     2
   Cast: Sting             |    17 |    28 |    11 ||    56
         Mephitic Cloud    |     1 |     5 |     1 ||     7
 Invoke: Oozemancy         |       |     1 |       ||     1
    Use: Scroll            |       |     6 |       ||     6
   Stab: Sleeping          |     4 |       |     1 ||     5
         Confused          |       |     1 |       ||     1
 Armour: Skin              |     5 |     4 |     1 ||    10
  Dodge: Dodged            |    36 |    48 |    30 ||   114

Table legend: (Time is in decaauts)
 A = Elapsed time spent in this place.
 B = Non-inter-level travel time spent in this place.
 C = Inter-level travel time spent in this place.
 D = Time resting spent in this place.
 E = Time spent auto-exploring this place.
 F = Levels seen in this place.
 G = Mean time per level.
                   A        B        C        D        E       F      G
               +--------+--------+--------+--------+--------+-----+--------+
         Total |   4384 |   2922 |   1462 |    100 |   2032 |   6 |  730.7 |
       Dungeon |   4384 |   2922 |   1462 |    100 |   2032 |   6 |  730.7 |
               +--------+--------+--------+--------+--------+-----+--------+

Top non-repeatable levels by time:
     D:5: 985 daAuts
     D:2: 965 daAuts
     D:3: 872 daAuts
     D:4: 783 daAuts
     D:1: 747 daAuts
     D:6: 29 daAuts
